AoeStats
← elchoromota

Black Forest

510436120Analyzed
2v2 RM · 1d ago on Oct 1, 2026· 63m 9s· 4 players
Game mode
Random Map
Map size
Medium (4 player)
Population
200
Speed
Normal
Resources
Standard
Victory
Conquest
Starting age
Dark Age
Ending age
Imperial Age
RankedLock teamsTeams togetherTeam positionsShared explorationLock speedFull tech treeHidden civsTurbo modeCheats
Victory
Defeat
🇨🇦 Britons · Canada
766
+35
🇺🇸 Persians · United States
759
+16
🇨🇱 Khmer · Chile
790
-17
🇨🇱 Romans · Chile
748
-15
ColeEcoBOOM
0:52 Loom
13:47 Feudal Age
14:29 Horse Collar
15:10 Double-Bit Axe
15:18 Stone Mining
16:24 Gold Mining
20:43 Wheelbarrow
19:53 Town Watch
24:42 Castle Age
22:58 Fletching
23:18 Forging
23:14 Scale Barding Armor
23:09 Scale Mail Armor
23:10 Padded Archer Armor
25:48 Bow Saw
25:39 Heavy Plow
26:29 Gold Shaft Mining
26:31 Stone Shaft Mining
28:05 Bodkin Arrow
30:22 Iron Casting
30:08 Chain Barding Armor
30:05 Chain Mail Armor
30:05 Leather Archer Armor
31:12 Hand Cart
31:13 Town Patrol
37:55 Imperial Age
36:48 Guard Tower
37:18 Ballistics
37:10 Masonry
36:59 Murder Holes
37:16 Caravan
37:51 Kamandaran
39:24 Two-Man Saw
39:01 Crop Rotation
39:15 Guilds
41:54 Blast Furnace
41:25 Plate Mail Armor
41:30 Plate Barding Armor
41:25 Ring Archer Armor
41:18 Conscription
42:30 Husbandry
42:41 Bloodlines
41:57 Elite War Elephant
46:35 Architecture
47:06 Chemistry
47:04 Hoardings
49:07 Citadels
Grande_Lakeu
11:01 Feudal Age
11:28 Double-Bit Axe
18:16 Castle Age
16:31 Fishing Lines
16:48 Gold Mining
17:04 Horse Collar
19:12 Bow Saw
21:54 Stone Mining
24:24 Caravan
26:01 Fletching
26:11 Padded Archer Armor
26:06 Gillnets
26:58 Fervor
27:10 Sanctity
29:02 Devotion
29:04 Heavy Plow
28:58 Treadmill Crane
29:56 Wheelbarrow
33:22 Imperial Age
31:23 Ballistics
32:19 Hand Cart
31:55 Loom
31:56 Town Watch
32:27 Masonry
32:15 Bodkin Arrow
32:36 Leather Archer Armor
33:15 Gold Shaft Mining
33:52 Gold Shaft Mining
33:52 Heated Shot
34:05 Town Patrol
34:37 Bracer
35:07 Ring Archer Armor
35:14 Conscription
36:27 Chemistry
36:26 Yeomen
38:17 Architecture
38:09 Fortified Wall
39:01 Two-Man Saw
38:44 Guilds
39:04 Coinage
38:12 Pikeman
38:54 Squires
39:40 Murder Holes
39:25 Halberdier
39:27 Man-at-Arms
39:55 Gambesons
39:56 Arson
40:45 Ring Archer Armor
40:23 Long Swordsman
40:27 Elite Longbowman
41:53 Forging
41:43 Scale Mail Armor
41:49 Scale Barding Armor
42:18 Warwolf
42:55 Hoardings
41:42 Two-Handed Swordsman
42:54 Block Printing
43:34 Chain Mail Armor
45:55 Chain Barding Armor
46:12 Iron Casting
46:07 Plate Mail Armor
49:48 Blast Furnace
49:24 Plate Barding Armor
55:58 Banking
59:25 Champion
RSK | Nasif
0:26 Loom
10:54 Feudal Age
13:34 Double-Bit Axe
15:45 Horse Collar
20:01 Castle Age
19:54 Wheelbarrow
24:54 Bow Saw
26:11 Gold Mining
26:12 Stone Mining
28:38 Caravan
35:53 Imperial Age
34:14 Heated Shot
34:44 Ballistics
35:17 Gold Shaft Mining
35:18 Stone Shaft Mining
34:46 Heavy Plow
37:50 Chemistry
37:22 Scale Barding Armor
37:10 Fletching
37:21 Padded Archer Armor
37:43 Tusk Swords
37:58 Heavy Scorpion
39:46 Elite Ballista Elephant
43:06 Double Crossbow
51:21 Forging
51:12 Scale Mail Armor
51:32 Chain Barding Armor
51:08 Bodkin Arrow
51:29 Leather Archer Armor
51:53 Pikeman
52:20 Arson
52:35 Halberdier
54:31 Iron Casting
54:12 Chain Mail Armor
54:32 Plate Barding Armor
57:08 Man-at-Arms
elchoromota
0:28 Loom
11:55 Feudal Age
14:03 Horse Collar
15:42 Double-Bit Axe
21:03 Castle Age
20:21 Fishing Lines
20:57 Forging
22:52 Bow Saw
26:12 Gillnets
28:11 Stone Mining
28:13 Gold Mining
29:11 Ballistas
29:48 Wheelbarrow
29:54 Wheelbarrow
31:54 Man-at-Arms
32:36 Husbandry
32:49 Bloodlines
33:39 Gold Shaft Mining
33:47 Hand Cart
37:11 Imperial Age
35:47 Murder Holes
36:03 Masonry
36:04 Fortified Wall
35:21 Light Cavalry
36:24 Scale Barding Armor
36:55 Iron Casting
36:48 Town Watch
38:50 Comitatenses
39:16 Caravan
39:47 Coinage
39:28 Guilds
40:16 Ballistics
40:57 Chemistry
40:16 Cavalier
41:16 Heavy Scorpion
42:22 Town Patrol
43:19 Heavy Plow
43:45 Chain Barding Armor
44:26 Blast Furnace
43:30 Elite Centurion
52:31 Scale Mail Armor
53:06 Plate Barding Armor
52:22 Fletching
52:33 Padded Archer Armor
55:10 Chain Mail Armor
55:28 Architecture
55:04 Siege Engineers
59:27 Bodkin Arrow
59:48 Leather Archer Armor
Connection lost

Rejoining the realm…

Still unreachable

The connection could not be restored.

Session expired

The server has moved on; the page needs a fresh start.